Map: Shrines of Lizul

Players

TimeTwist

  • Race: Zerg Zerg
  • Spawn Location: 3:00

dallaskuken

  • Race: Protoss Protoss
  • League: Silver
  • Spawn Location: 12:00

FrogMint - Winner!

  • Race: Zerg Zerg
  • Spawn Location: 6:00

Loken - Winner!

  • Race: Zerg Zerg
  • Spawn Location: 9:00

VOD

Have the link to the VOD?

Description

Time

  • Played on: March 7, 2017, 5:41 p.m.
  • Length: 5:17
Show
View Real Time Build Order
Export as new Build Order

TimeTwist Zerg 

Build Orders: Pool First 

Get SALT Encoding   

  12  0:01  Drone  
  13  0:14  Overlord  
  13  0:19  Drone  
  14  0:28  Drone, Extractor  
  14  0:32  Drone  
  15  0:40  Drone  
  16  0:51  Spawning Pool  
  16  0:54  Drone  
  16  0:59  Drone  
  17  1:09  Drone  
  18  1:20  Overlord  
  18  1:30  Drone  
  19  1:37  Metabolic Boost  
  19  1:39  Queen  
  21  1:45  Zergling x2  
  22  1:51  Zergling x2  
  23  2:03  Hatchery  
  22  2:14  Drone x2  
  24  2:24  Overlord  
  24  2:49  Drone x4  
  28  2:59  Zergling x2  
  29  3:11  Zergling x4  
  30  3:17  Queen  
  31  3:22  Queen  
  31  3:26  Baneling Nest  
  32  3:33  Zergling x4  
  32  3:34  Zergling x6  
  37  3:46  Spine Crawler  
  36  3:49  Spine Crawler, Zergling x8  
  21  4:14  Drone x2  
  20  4:28  Zergling x2  
  3  4:47  Zergling x10  
Show
View Real Time Build Order
Export as new Build Order

dallaskuken Protoss 

Build Orders:  

Get SALT Encoding   

  12  0:01  Probe (Chrono Boost)  
  13  0:12  Probe (Chrono Boost)  
  14  0:22  Pylon  
  14  0:27  Probe (Chrono Boost)  
  15  0:40  Probe (Chrono Boost)  
  16  0:50  Probe (Chrono Boost)  
  16  0:55  Gateway  
  17  1:01  Probe (Chrono Boost)  
  17  1:11  Probe (Chrono Boost)  
  17  1:16  Pylon  
  18  1:20  Assimilator  
  18  1:23  Probe (Chrono Boost)  
  19  1:34  Probe (Chrono Boost)  
  20  1:42  Cybernetics Core  
  20  1:49  Probe (Chrono Boost)  
  20  1:50  Zealot  
  23  1:59  Probe (Chrono Boost)  
  24  2:02  Assimilator  
  24  2:15  Warp Gate  
  24  2:23  Stalker  
  26  2:32  Probe (Chrono Boost)  
  27  2:42  Pylon  
  28  2:44  Probe (Chrono Boost)  
  28  2:45  Pylon  
  28  2:56  Probe (Chrono Boost)  
  29  3:09  Probe (Chrono Boost)  
  30  3:20  Gateway  
  30  3:21  Gateway  
  30  3:22  Gateway  
  30  3:28  Adept  
  32  3:53  Mothership Core (Chrono Boost)  
  34  3:56  Nexus  
  34  4:25  Sentry  
  34  4:26  Sentry  
  34  4:27  Stalker x2  
  42  4:59  Sentry  
  40  5:09  Stalker x3  
Show
View Real Time Build Order
Export as new Build Order

FrogMint Zerg - Winner!

Build Orders: Pool First 

Get SALT Encoding   

  12  0:04  Drone  
  13  0:14  Drone  
  14  0:29  Spawning Pool  
  14  0:30  Drone  
  14  0:55  Overlord  
  14  1:11  Hatchery  
  14  1:14  Drone x2  
  15  1:35  Queen, Extractor  
  15  1:37  Drone x2  
  18  1:54  Drone x2  
  20  2:05  Drone  
  21  2:11  Queen  
  22  2:16  Overlord  
  22  2:27  Zergling x2  
  23  2:31  Zergling x2  
  23  2:36  Zergling x2  
  25  2:43  Metabolic Boost  
  25  2:46  Zergling x6, Overlord  
  28  3:23  Queen  
  28  3:26  Zergling x4  
  28  3:27  Zergling x10  
  34  3:28  Zergling x2  
  38  3:35  Drone  
  39  3:41  Overlord  
  39  3:42  Overlord  
  39  3:58  Zergling x8  
  42  4:14  Overlord x2  
  42  4:29  Zergling x2  
  42  4:30  Zergling x6  
  46  4:45  Zergling x4  
  47  4:46  Zergling x4  
Show
View Real Time Build Order
Export as new Build Order

Loken Zerg - Winner!

Build Orders: Pool Only, Zergling Baneling 

Get SALT Encoding   

  12  0:20  Spawning Pool  
  11  0:23  Drone  
  11  0:28  Drone  
  13  0:32  Drone  
  14  0:41  Overlord  
  14  0:50  Extractor  
  13  1:10  Queen  
  15  1:15  Drone x2  
  15  1:16  Drone  
  18  1:43  Drone x2  
  20  1:50  Overlord  
  20  2:01  Baneling Nest  
  19  2:14  Zergling x4  
  21  2:19  Zergling x2  
  21  2:20  Zergling x4  
  24  2:25  Zergling x2  
  25  2:36  Zergling x2  
  26  2:52  Zergling x2  
  26  2:53  Zergling x6  
  30  3:05  Overlord  
  30  3:11  Overlord  
  30  3:29  Baneling x2  
  30  3:30  Baneling x6  
  30  3:31  Baneling x3  
  30  3:33  Baneling  
  30  3:38  Zergling x2  
  30  3:39  Zergling x4  
  33  3:42  Roach Warren  
  23  4:23  Roach  
  32  4:24  Roach x4  
  31  4:37  Extractor  
Tags
 
Add a new tag
Caveats
  • Supply blocks, unpowered buildings, or Contaminate may cause inaccurate times.
  • Supply counts are checked every 10 seconds.